 Dungeon Crawl Stone Soup version 0.30-a0-1093-gcfb1e0cf12 (webtiles) character file.

Game seed: 16021686447603963063

85 CryoSword the Sneak (level 4, -11/25 HPs)
             Began as a Vampire Enchanter on Apr 16, 2023.
             Mangled by Crazy Yiuf
             ... wielding a +4 quarterstaff of chaos
              (19 damage)
             ... on level 2 of the Dungeon.
             The game lasted 00:03:19 (2049 turns).

CryoSword the Sneak (Vampire Enchanter)             Turns: 2049, Time: 00:03:19

Health: -11/25     AC:  2    Str:  7    XL:     4   Next: 25%
Magic:  4/7        EV: 12    Int: 17    God:
Gold:   33         SH:  0    Dex: 16    Spells: 2/7 levels left

rFire   . . .      SeeInvis +    h - +1 short sword (protect)
rCold   + + .      Faith    .    (no shield)
rNeg    + + +      Spirit   .    b - +0 robe
rPois   ∞          Reflect  .    (no helmet)
rElec   .          Rampage  .    (no cloak)
rCorr   .                        (no gloves)
Will    .....                    (no boots)
Stlth   +++++                    (no amulet)
HPRegen 0.00/turn                (no ring)
MPRegen 0.10/turn                (no ring)

@: confusing by touch, bloodless, inhibited regen
A: bloodless, fangs 3, see invisible, vampiric 2
a: Bat Form, Revivify


You were on level 2 of the Dungeon.
You visited 1 branch of the dungeon, and saw 2 of its levels.

You collected 59 gold pieces.
You spent 26 gold pieces at shops.

Inventory:

Hand Weapons
 h - a +1 short sword of protection (weapon)
   (You found it on level 1 of the Dungeon)
Missiles
 g - 6 poisoned darts (quivered)
Armour
 b - a +0 robe (worn)
Scrolls
 e - a scroll of silence {unknown}
 f - a scroll of noise {unknown}
 i - a scroll of magic mapping {unknown}
 j - a scroll of fog {unknown}
 k - a scroll of torment {unknown}
 n - a scroll of enchant armour {unknown}
 p - a scroll of identify {@r1}
 q - a scroll of amnesia {unknown}
Potions
 a - a potion of lignification {unknown}
 c - a potion of invisibility
 d - a potion of cancellation {unknown}
 l - a potion of haste {unknown}
 m - a potion of curing {unknown}
 o - a potion of experience {unknown}


   Skills:
 + Level 1.1 Fighting
 * Level 2.6 Short Blades
 - Level 2.1 Dodging
 + Level 5.1 Stealth
 - Level 2.0 Spellcasting
 + Level 5.0 Hexes
 * Level 1.5 Ice Magic


You had 2 spell levels left.
You knew the following spells:

 Your Spells              Type           Power      Damage    Failure   Level
a - Ensorcelled Hibernat  Hex/Ice        24%        N/A       8%          2
b - Confusing Touch       Hex            18%        N/A       8%          3

Your spell library contained the following spells:

 Spells                   Type           Power      Damage    Failure   Level
 Magic Dart               Conj           4%         1d3       19%         1
 Poisonous Vapours        Pois/Air       2%         N/A       28%         2
 Searing Ray              Conj           2%         2d4       28%         2
 Tukima's Dance           Hex            18%        N/A       8%          3
 Dazzling Flash           Conj/Hex       20%        N/A       21%         3
 Mephitic Cloud           Conj/Pois/Air  1%         N/A       50%         3
 Fulminant Prism          Conj/Hex       5%         3d7       56%         4
 Freezing Cloud           Conj/Ice/Air   1%         6-21      99%         5


Dungeon Overview and Level Annotations

Branches:
Dungeon (2/15)

Altars:
Qazlal

Shops:
D:1 ?

Annotations:
D:2 Crazy Yiuf


Innate Abilities, Weirdness & Mutations

You do not regenerate when monsters are visible.
You are frail without blood (-20% HP).
You can heal yourself when you bite living creatures.
You are immune to poison.
You have razor-sharp teeth.
You have supernaturally acute eyesight. (SInv)
You are afflicted with vampirism and can become a bat while bloodless.


Message History

A hobgoblin is nearby!
The hobgoblin barely misses you.
You hit the hobgoblin.
Your weapon exudes an aura of protection.
The hobgoblin hits you but does no damage.
You hit the hobgoblin.
The hobgoblin hits you but does no damage.
A hobgoblin is nearby!
A hobgoblin is nearby!
You hit the hobgoblin.
You kill the hobgoblin!
You see here 6 stones.
An endoplasm comes into view.
An endoplasm is nearby!
An endoplasm is nearby!
An endoplasm is nearby!
The helpless endoplasm fails to defend itself.
You puncture the endoplasm!
Your weapon exudes an aura of protection.
You kill the endoplasm!
No target in view!
Found 9 stones.
An endoplasm comes into view.
An endoplasm is nearby!
An endoplasm is nearby!
The endoplasm quivers.
Found a robe.
You hit the endoplasm.
Your weapon exudes an aura of protection.
You bite the endoplasm.
You kill the endoplasm!
No target in view! 2 jackals come into view.
There are monsters nearby!
There are monsters nearby!
A jackal comes into view.
The jackal barks!
You see here 9 stones.
The jackal barks!
The jackal barks!
You hit the jackal.
Your weapon exudes an aura of protection.
The jackal bites you but does no damage.
You hit the jackal.
You kill the jackal!
The jackal barely misses you.
Aim: a jackal (chance to affect: 63%)
The jackal resists with significant effort.
The jackal misses you.
The jackal bites you but does no damage.
You hit the jackal. Your bite misses the jackal.
The jackal bites you but does no damage.
The jackal closely misses you.
You hit the jackal. You bite the jackal.
You kill the jackal!
The jackal misses you.
You closely miss the jackal. The jackal barely misses you.
You hit the jackal.
You kill the jackal!
No target in view!
A quokka comes into view.
A quokka is nearby!
A quokka is nearby!
A quokka is nearby!
The helpless quokka fails to defend itself.
You bite the quokka, and draw its blood!
You puncture the quokka!
Your weapon exudes an aura of protection.
You kill the quokka!
No target in view!
A worm comes into view.
A worm is nearby!
A worm is nearby!
A worm is nearby!
A rat comes into view.
A dart slug comes into view.
Found a dagger.
The helpless worm fails to defend itself.
You puncture the worm!
Your weapon exudes an aura of protection.
You hit the worm. The worm bites you!
You are too injured to fight recklessly!
Aim: a worm (almost dead, chance to affect: 54%)
The worm looks drowsy...
You are too injured to fight recklessly!
You are too injured to fight recklessly!
Unknown command.
Hit: h) +1 short sword (protect)
Aim: a worm (almost dead, asleep, about 2% to evade your +1 short sword of protection)
The helpless worm fails to defend itself.
You impale the worm!!
You kill the worm!
You are too injured to fight recklessly!
You are too injured to fight recklessly!
Unknown command.
Hit: h) +1 short sword (protect)
Aim: a rat (about 36% to evade your +1 short sword of protection)
You hit the rat.
You kill the rat!
A dart slug is nearby!
A dart slug is nearby!
You start resting.
You start resting.
The helpless dart slug fails to defend itself.
You impale the dart slug!!
Your weapon exudes an aura of protection.
You kill the dart slug!
You see here a dart slug corpse.
o - a metallic pink potion
Found a stone staircase leading up.
Found a stone staircase leading down.
Found a quarterstaff.
Found a ring mail.
p - a scroll of identify {@r1}
q - a scroll labelled GYTEMO SEHOENI
There is a stone staircase leading down here.
There is a stone staircase leading down here.
Key pressed, stopping explore.
You see here 5 stones.
Could not explore, unopened runed door.
Could not explore, unopened runed door.
Could not explore, unopened runed door.
This spell is quite dangerous to cast!
Memorise Confusing Touch, consuming 3 spell levels and leaving 2?
You start memorising the spell.
You continue memorising. x3
You finish memorising.
Spell assigned to 'b'.
Okay, then.
Crazy Yiuf cries, "Snurf sanguine sizzlefizz!"
The spell is quite dangerous to miscast (8% risk of failure)!
Continue anyway? [Y]es or [N]o only, please.
The spell is quite dangerous to miscast (8% risk of failure)!
Continue anyway?
Okay, then.
The spell is quite dangerous to miscast (8% risk of failure)!
Continue anyway?
Your hands begin to glow red.
You open the door. You closely miss Crazy Yiuf.
You bite Crazy Yiuf, but do no damage. Crazy Yiuf misses you.
You barely miss Crazy Yiuf.
Crazy Yiuf zaps a wand.
You resist with some effort.
You hit Crazy Yiuf but do no damage. You hit Crazy Yiuf but do no damage.
Crazy Yiuf hits you with a +4 quarterstaff of chaos.
Crazy Yiuf burns you.
You closely miss Crazy Yiuf.
Crazy Yiuf hits you with a +4 quarterstaff of chaos!
* * * LOW HITPOINT WARNING * * *
You are electrocuted!!
Ouch! That really hurt!
You die...

####.###
#....#
#...##..####
#.# ##..##
#.......#
###.# ♣....♣
#######.####
#...# ♣♣...♣
##.#.# #.###
♣♣.♣♣ #.....
#.# ♣♣.♣
##.#.# #.#
♣.♣♣ #.)...
#.# ♣♣.♣
######.#.#
#.# ♣@♣♣
#.........
#.# #g#
#.##.#.#.#
#.# ...
#.#.....##
#.#### #...#
#)##......
#....# #)..#
#.##..#.##
###### #####
#.......#
######[####
#......#
########


You could see Crazy Yiuf.

Vanquished Creatures
  An adder (D:2)
  2 worms (D:2)
  2 dart slugs
  6 bats
  10 endoplasms
  2 giant cockroaches (D:1)
  3 goblins
  8 hobgoblins
  3 jackals (D:2)
  3 quokkas
  3 ball pythons
  2 frilled lizards
  7 kobolds
  8 rats
60 creatures vanquished.

Notes
Turn   | Place    | Note
-------+----------+-------------------------------------------
     0 | D:1      | CryoSword the Vampire Enchanter began the quest for the
                  | Orb.
     0 | D:1      | Reached XP level 1. HP: 13/13 MP: 3/3
   147 | D:1      | Reached XP level 2. HP: 5/20 MP: 5/5
   209 | D:1      | Learned a level 2 spell: Ensorcelled Hibernation
   358 | D:1      | Found a stormy altar of Qazlal.
   566 | D:1      | Gained mutation: You are afflicted with vampirism and can
                  | become a bat while bloodless. [Vampire growth]
   566 | D:1      | Reached XP level 3. HP: 25/25 MP: 1/6
   615 | D:1      | Found Vuufup's Magic Scroll Shoppe.
   635 | D:1      | Bought a scroll of identify for 26 gold pieces
  1152 | D:2      | Found a faded altar of an unknown god.
  1218 | D:2      | Reached skill level 1 in Ice Magic
  1260 | D:2      | Reached skill level 5 in Stealth
  1379 | D:2      | Reached skill level 1 in Fighting
  1475 | D:2      | Found a runed translucent door.
  1476 | D:2      | Noticed Crazy Yiuf
  1510 | D:2      | Reached skill level 5 in Hexes
  1510 | D:2      | Reached XP level 4. HP: 25/25 MP: 7/7
  2038 | D:2      | Learned a level 3 spell: Confusing Touch
  2049 | D:2      | Mangled by Crazy Yiuf

Illustrated notes

Levels and vault maps discovered:
D:1:      kennysheep_arrival_seaside, layout_basic, serial_shops, shop,
          roderic_lattice_a, minmay_hexomino_r4
D:2:      layout_loops_cross, hellmonk_ecumenical_altar_zigzags, minivault_5,
          st_stairs_8, nicolae_kite_square_tiling_tiny, uniq_crazy_yiuf_cottage

Skill      XL: |  1  2  3 |
---------------+----------+-----
Short Blades   | 2 |  2.6
Ice Magic      | 1 |  1.5
Stealth        | 5 |  5.1
Fighting       | 1 |  1.1
Hexes          | 5 |  5.0
Dodging        | |  2.1
Spellcasting   | |  2.0

Action                     |  1- 3 |  4- 6 || total
---------------------------+-------+-------++-------
  Melee: Dagger            |    51 |       ||    51
         Bite              |     5 |     3 ||     8
         Short sword       |    60 |    22 ||    82
         Punch             |     2 |       ||     2
   Cast: Ensorcelled Hiber |     7 |     2 ||     9
         Confusing Touch   |       |     1 ||     1
Ability: Exsanguinate      |     1 |       ||     1
    Use: Potion            |     1 |       ||     1
         Scroll            |     1 |       ||     1
   Stab: Sleeping          |    26 |     5 ||    31
         Invisible         |     2 |       ||     2
 Armour: Robe              |     9 |     5 ||    14
  Dodge: Dodged            |    49 |     7 ||    56

Table legend: (Time is in decaauts)
 A = Elapsed time spent in this place.
 B = Non-inter-level travel time spent in this place.
 C = Inter-level travel time spent in this place.
 D = Time resting spent in this place.
 E = Time spent auto-exploring this place.
 F = Levels seen in this place.
 G = Mean time per level.
                   A        B        C        D        E       F      G
               +--------+--------+--------+--------+--------+-----+--------+
         Total |   2037 |   1991 |     46 |     79 |   1454 |   2 | 1018.5 |
       Dungeon |   2037 |   1991 |     46 |     79 |   1454 |   2 | 1018.5 |
               +--------+--------+--------+--------+--------+-----+--------+

Top non-repeatable levels by time:
     D:1: 1119 daAuts
     D:2: 918 daAuts
